Construct Infanterie Kompanie
Selects Breakthrough Battlegroup
Construct Luftwaffe Kompanie
Flak 30 Anti-aircraft Gun Team
Construct Panzer Kompanie
Selects Assault Grenadiers
Selects Smoke Bombing Run
Selects Panzer IV Command Tank Sd.Kfz. 161/1
Selects Incendiary Bombing Run